Map: Cyber Forest LE

Players

SunnyDee

  • Race: Terran Terran
  • League: Platinum
  • Spawn Location: 11:00

Woah - Winner!

  • Race: Terran Terran
  • League: Platinum
  • Spawn Location: 5:00

VOD

Have the link to the VOD?

Description

Time

  • Played on: June 11, 2019, 3:54 p.m.
  • Length: 12:14
Show
View Real Time Build Order
Export as new Build Order

SunnyDee Terran 

Build Orders: Reaper Expand 

Get SALT Encoding   

  12  0:01  SCV  
  13  0:13  SCV  
  14  0:17  Supply Depot  
  14  0:25  SCV  
  15  0:39  SCV, Barracks  
  16  0:48  Refinery  
  16  0:52  SCV  
  18  1:04  SCV  
  18  1:16  SCV  
  19  1:34  Reaper  
  19  1:37  Command Center  
  20  1:43  Orbital Command  
  20  1:52  Supply Depot  
  20  2:06  Marine  
  21  2:16  Factory  
  21  2:20  SCV  
  22  2:24  Marine  
  23  2:34  SCV  
  24  2:38  Refinery  
  24  2:42  Marine  
  25  2:48  Orbital Command  
  25  2:56  SCV  
  25  2:58  Refinery  
  26  2:59  Marine  
  26  3:05  Hellion  
  28  3:22  SCV  
  28  3:26  Hellion  
  31  3:34  SCV  
  32  3:43  Barracks  
  32  3:44  Starport  
  32  3:46  SCV  
  32  3:48  Hellion  
  35  3:58  SCV  
  36  4:06  Liberator  
  36  4:07  SCV  
  36  4:09  Barracks Reactor  
  37  4:10  SCV  
  37  4:15  Engineering Bay  
  37  4:16  Engineering Bay  
  38  4:17  Factory Tech Lab  
  38  4:19  SCV  
  38  4:22  SCV  
  44  4:31  SCV  
  44  4:34  Supply Depot  
  44  4:35  SCV  
  45  4:43  SCV  
  46  4:47  SCV  
  45  4:59  SCV  
  46  5:06  Medivac  
  46  5:11  SCV  
  46  5:12  Marine x2  
  49  5:14  Siege Tank  
  52  5:23  SCV  
  53  5:30  Marine  
  53  5:32  Bunker  
  54  5:39  Supply Depot  
  54  5:56  SCV, Marine x2  
  54  6:01  Siege Tank  
  57  6:08  SCV  
  58  6:14  Marine x2  
  58  6:16  Barracks Tech Lab  
  60  6:18  Medivac  
  60  6:20  Barracks  
  62  6:25  Terran Infantry Weapons Level 1, Supply Depot  
  62  6:26  Terran Infantry Armor Level 1  
  62  6:34  Command Center  
  62  6:46  Marine x2  
  62  6:47  SCV, Siege Tank  
  62  6:48  Starport Reactor  
  62  6:50  Stimpack  
  62  6:53  Marauder  
  70  7:14  Marine  
  70  7:17  SCV  
  70  7:18  Marine  
  70  7:20  Siege Tank  
  68  7:24  Marauder  
  68  7:29  SCV  
  70  7:32  Barracks Tech Lab  
  70  7:37  Supply Depot  
  70  7:44  Refinery  
  70  7:45  Viking x2, Marine x2  
  70  7:46  SCV, Supply Depot, Marauder  
  70  7:48  Supply Depot x2  
  70  7:50  Armory, Supply Depot  
  79  7:52  Cyclone  
  79  7:58  SCV  
  83  8:03  Marine x2  
  85  8:10  SCV  
  85  8:11  Supply Depot  
  86  8:15  Viking  
  88  8:22  SCV  
  88  8:23  Marine x2  
  88  8:24  Marauder, Siege Tank  
  96  8:32  Medivac  
  98  8:34  SCV  
  98  8:41  Marine x2  
  99  8:45  Marine  
  99  8:46  SCV  
  103  8:56  Siege Tank  
  103  8:58  SCV  
  103  8:59  Marine x2  
  106  9:02  Marine  
  107  9:17  Marine x2  
  102  9:28  Siege Tank  
  102  9:34  Orbital Command  
  102  9:38  Barracks Tech Lab x2  
  102  9:43  Terran Infantry Armor Level 2, Terran Vehicle Weapons Level 1  
  102  9:54  SCV  
  93  10:06  SCV  
  76  10:20  Marauder, Marine x2  
  80  10:21  Siege Tank  
  80  10:38  Marine x2  
  80  10:42  Marauder  
  84  10:54  Viking  
  84  10:55  SCV, Marine  
  84  10:56  Marine  
  89  11:00  Refinery x2  
  89  11:02  Marine  
  90  11:07  SCV  
  89  11:13  Marine x2  
  70  11:21  Marauder  
  59  11:31  Marine x2  
  61  11:41  Barracks  
  61  11:42  Marauder, Barracks  
Show
View Real Time Build Order
Export as new Build Order

Woah Terran - Winner!

Build Orders:  

Get SALT Encoding   

  12  0:02  SCV  
  13  0:14  SCV  
  13  0:19  Supply Depot  
  14  0:26  SCV  
  14  0:28  Refinery  
  15  0:46  Barracks  
  15  0:48  SCV  
  16  0:58  Refinery  
  16  1:00  SCV  
  17  1:12  SCV  
  18  1:34  Orbital Command, Factory  
  18  1:36  Reaper  
  19  1:55  Supply Depot  
  19  2:01  SCV  
  20  2:08  Reaper  
  21  2:24  Command Center  
  21  2:28  SCV  
  24  2:42  Reaper  
  24  2:43  SCV  
  24  2:48  Factory Tech Lab  
  24  2:55  SCV  
  25  3:18  SCV  
  26  3:20  Cyclone  
  26  3:24  Starport  
  29  3:32  SCV, Command Center, Barracks Tech Lab  
  30  3:36  Orbital Command  
  30  4:11  SCV  
  30  4:13  Barracks Reactor  
  31  4:18  SCV  
  31  4:23  SCV  
  33  4:27  Raven  
  33  4:30  SCV  
  36  4:34  Barracks  
  36  4:36  SCV  
  36  4:38  Barracks  
  37  4:39  Engineering Bay  
  37  4:52  SCV x2  
  39  4:55  Siege Tank  
  39  4:57  Marine x2  
  44  5:04  SCV  
  46  5:14  SCV  
  46  5:16  SCV  
  47  5:26  SCV  
  47  5:27  Barracks Reactor  
  47  5:28  SCV, Orbital Command, Barracks Reactor  
  49  5:32  Terran Infantry Weapons Level 1  
  49  5:38  SCV  
  49  5:40  SCV  
  51  5:57  SCV, Orbital Command  
  45  6:00  Siege Tank  
  45  6:01  Marine  
  50  6:09  Stimpack, Supply Depot  
  50  6:10  Barracks  
  50  6:14  Barracks, Marine x4  
  50  6:15  Barracks  
  50  6:16  SCV x2  
  56  6:19  Marine  
  56  6:20  Refinery  
  57  6:26  Viking  
  57  6:29  SCV x2  
  57  6:30  Refinery  
  61  6:36  Viking  
  61  6:39  Missile Turret  
  63  6:43  Missile Turret  
  63  6:57  Viking  
  56  7:31  Medivac x2  
  56  7:35  SCV  
  56  7:36  SCV x2  
  63  7:44  Missile Turret  
  63  7:46  Barracks Reactor  
  63  7:47  SCV  
  63  7:48  SCV x2  
  63  7:49  Missile Turret  
  66  7:52  Missile Turret  
  66  7:55  Missile Turret  
  66  7:59  Marine x4  
  66  8:03  Barracks Reactor  
  70  8:10  SCV x3  
  73  8:14  Missile Turret  
  73  8:22  SCV x2  
  73  8:23  SCV, Siege Tank, Marine x3  
  73  8:24  Marine x3  
  85  8:30  Supply Depot  
  85  8:37  Terran Infantry Armor Level 1  
  85  8:45  Supply Depot  
  85  8:46  Factory  
  85  8:51  Marine x8  
  93  9:06  Marine  
  93  9:07  Siege Tank  
  93  9:09  Marine x2  
  99  9:14  Combat Shield, Barracks Tech Lab  
  96  9:30  Medivac x2  
  85  9:32  Factory Reactor  
  85  9:47  Marine  
  85  9:48  Marine x9  
  94  10:05  Marine  
  94  10:06  Marine x9  
  91  10:10  SCV x2  
  91  10:13  Supply Depot  
  93  10:14  Supply Depot  
  93  10:23  Marine x5  
  96  10:45  Marine  
  96  10:46  Marine x8  
  96  10:47  SCV x3  
  109  10:54  Siege Tank  
  112  10:58  Factory  
  112  10:59  SCV x3  
  112  11:04  Command Center  
  114  11:06  Refinery  
  114  11:08  Refinery  
  109  11:11  SCV  
  109  11:12  SCV x2  
  101  11:19  Armory  
  101  11:23  SCV  
  95  11:40  Marine  
  95  11:41  Marine x9  
Tags
 
Matchup
TvT
Race
Terran
Replay Pack
r1
Spawn Locations
Cross Positions
Add a new tag
Caveats
  • Supply blocks, unpowered buildings, or Contaminate may cause inaccurate times.
  • Supply counts are checked every 10 seconds.